Map: [ESL] Royal Blood

Players

Maru

  • Race: Terran Terran

HeroMarine - Winner!

  • Race: Terran Terran

Event: IEM Katowice 2023

VOD

Have the link to the VOD?

Description

Time

  • Played on: Feb. 9, 2023, 12:21 p.m.
  • Length: 8:55

All games in this series

Show
View Real Time Build Order
Export as new Build Order

Maru Terran 

Build Orders:  

Get SALT Encoding   

  12  0:00  SCV  
  13  0:12  SCV  
  14  0:17  Supply Depot  
  14  0:24  SCV  
  15  0:38  SCV  
  15  0:40  Barracks  
  15  0:42  Refinery  
  16  0:50  SCV  
  17  0:59  Barracks  
  17  1:03  SCV  
  18  1:10  Refinery  
  18  1:15  SCV  
  19  1:27  Reaper  
  19  1:28  Supply Depot  
  19  1:31  SCV  
  21  1:44  Orbital Command  
  21  1:49  Reaper  
  22  1:59  Reaper  
  23  2:09  Factory  
  23  2:10  SCV  
  24  2:17  Supply Depot  
  24  2:21  Reaper  
  25  2:23  SCV  
  26  2:35  SCV  
  26  2:44  Reaper  
  26  2:47  SCV  
  28  2:55  Command Center  
  28  2:56  Reaper  
  29  3:00  Hellion  
  29  3:02  SCV  
  31  3:14  SCV  
  31  3:20  Starport  
  31  3:21  Hellion  
  31  3:22  Reaper  
  33  3:28  SCV  
  34  3:39  Reaper  
  34  3:40  SCV  
  32  3:52  Hellion  
  32  3:55  SCV  
  32  3:59  Medivac  
  32  4:00  Barracks Reactor  
  34  4:08  SCV  
  34  4:13  Barracks Tech Lab  
  34  4:14  Hellion  
  33  4:20  SCV  
  33  4:29  Command Center  
  33  4:32  SCV  
  33  4:33  Stimpack  
  33  4:35  Marine x2  
  33  4:37  Marine  
  37  4:45  Orbital Command  
  37  4:47  SCV  
  37  4:49  Factory Tech Lab  
  37  4:52  Starport Reactor  
  38  4:57  Marine  
  38  4:59  Marine, SCV  
  41  5:00  Marine  
  42  5:11  SCV  
  42  5:12  SCV  
  44  5:21  Marine x2  
  39  5:22  Siege Tank  
  39  5:23  SCV  
  39  5:24  SCV  
  46  5:29  Supply Depot  
  46  5:30  Marine  
  46  5:32  Medivac  
  46  5:35  Medivac  
  51  5:38  SCV x2  
  53  5:43  Orbital Command  
  53  5:44  Marine  
  53  5:47  Marine  
  55  5:50  SCV x2  
  55  5:55  Siege Tank  
  57  5:58  Marine  
  57  6:02  SCV  
  58  6:06  SCV  
  58  6:09  Marine x2  
  59  6:16  Marine  
  60  6:20  SCV  
  60  6:21  SCV  
  60  6:25  Engineering Bay  
  61  6:26  Barracks  
  61  6:27  Marine, Engineering Bay  
  61  6:30  Marine, Starport Reactor  
  63  6:33  Marine  
  63  6:35  SCV  
  63  6:38  Refinery  
  65  6:43  Combat Shield  
  65  6:45  Marine  
  66  6:47  SCV  
  66  6:48  Marine, SCV  
  66  6:51  Marine  
  66  6:52  SCV  
  71  7:00  SCV  
  72  7:02  Barracks  
  72  7:03  Barracks  
  72  7:06  SCV  
  72  7:07  SCV  
  74  7:10  Supply Depot  
  74  7:15  SCV  
  74  7:18  Marine x2  
  74  7:19  SCV  
  77  7:27  Orbital Command  
  77  7:29  Marine  
  77  7:31  Marine  
  77  7:38  SCV  
  77  7:46  Marine x3, SCV  
  77  7:49  Medivac x2, Barracks Reactor  
  77  7:51  Supply Depot, Refinery  
  85  7:54  Barracks Reactor  
  85  8:03  SCV x3  
  85  8:04  Marine x4  
  95  8:12  Siege Tank  
  95  8:14  Supply Depot  
  95  8:16  SCV x3  
  95  8:17  Supply Depot  
  95  8:18  Marine  
  99  8:22  Marine x2  
  99  8:26  Orbital Command  
  101  8:35  Marine, SCV x2  
  101  8:37  Supply Depot  
Show
View Real Time Build Order
Export as new Build Order

HeroMarine Terran - Winner!

Build Orders:  

Get SALT Encoding   

  12  0:00  SCV  
  13  0:12  SCV  
  14  0:17  Supply Depot  
  14  0:24  SCV  
  15  0:38  SCV  
  15  0:39  Barracks  
  15  0:42  Refinery  
  16  0:50  SCV  
  16  0:52  Refinery  
  17  1:02  SCV  
  18  1:14  SCV  
  19  1:26  Orbital Command, Reaper  
  20  1:35  Supply Depot  
  20  1:44  Factory  
  20  1:52  SCV  
  21  1:59  Reaper  
  22  2:04  SCV  
  23  2:16  SCV  
  23  2:22  Command Center  
  24  2:28  SCV  
  24  2:32  Hellion  
  26  2:37  Reaper  
  26  2:40  SCV  
  26  2:43  Supply Depot  
  27  2:52  SCV  
  27  2:53  Hellion  
  30  3:05  SCV, Starport  
  30  3:15  Reaper  
  30  3:16  Hellion  
  30  3:17  SCV  
  34  3:29  SCV  
  35  3:39  Factory Tech Lab  
  35  3:41  SCV  
  35  3:44  Starport Tech Lab  
  35  3:51  Barracks Reactor  
  35  3:52  Orbital Command  
  35  3:53  SCV  
  35  3:54  Refinery  
  33  4:05  SCV  
  33  4:07  Cyclone, Raven  
  37  4:17  SCV  
  37  4:20  SCV  
  38  4:27  Command Center  
  38  4:28  Marine x2  
  38  4:29  SCV  
  41  4:33  SCV  
  42  4:39  Siege Tank  
  42  4:41  SCV  
  42  4:43  Raven  
  42  4:45  SCV  
  49  4:47  Supply Depot  
  49  4:48  Marine  
  49  4:50  Marine  
  51  4:53  SCV  
  51  4:57  SCV  
  53  5:06  SCV  
  54  5:08  Marine  
  54  5:09  SCV  
  54  5:11  Siege Tank  
  58  5:18  SCV  
  53  5:21  SCV, Raven  
  53  5:22  Marine  
  53  5:26  Marine  
  58  5:30  SCV  
  58  5:33  SCV  
  60  5:41  Orbital Command  
  60  5:42  SCV  
  61  5:43  Barracks  
  61  5:44  Barracks  
  61  5:46  SCV  
  62  5:50  Siege Tank  
  62  5:54  SCV  
  66  5:57  Engineering Bay  
  66  5:58  SCV  
  66  6:01  Engineering Bay  
  67  6:06  SCV  
  67  6:10  SCV x2  
  71  6:18  SCV  
  71  6:20  Marine, Stimpack  
  74  6:28  Siege Tank, Starport Reactor  
  74  6:29  Terran Infantry Armor Level 1, Terran Infantry Weapons Level 1  
  74  6:32  Barracks Tech Lab  
  77  6:33  Supply Depot  
  77  6:34  Supply Depot, Refinery  
  77  6:37  Marine, SCV x2  
  76  6:47  SCV  
  76  6:48  Barracks, Missile Turret  
  76  6:50  Barracks  
  77  6:54  Combat Shield  
  77  6:55  Marine x4, SCV  
  77  6:57  SCV  
  77  6:59  SCV  
  84  7:04  Siege Tank  
  84  7:07  Supply Depot  
  87  7:11  SCV x3  
  87  7:12  Marine x2  
  87  7:14  Marine  
  93  7:22  Supply Depot x3  
  93  7:28  Marine, Medivac x2  
  93  7:29  SCV x3  
  101  7:32  Marine  
  101  7:33  Marine x2  
  101  7:36  Siege Tank  
  107  7:41  SCV x2  
  107  7:43  SCV, Barracks Reactor x2  
  107  7:44  Supply Depot  
  110  7:46  Marine  
  110  7:50  Marine x2  
  110  7:51  Marine  
  114  7:53  SCV  
  114  7:55  Supply Depot  
  114  7:57  SCV x2, Missile Turret  
  117  8:05  SCV  
  118  8:06  Orbital Command  
  118  8:07  Marine  
  118  8:08  Marine x3, Hellion  
  118  8:09  SCV  
  125  8:17  SCV  
  126  8:21  SCV  
  126  8:24  Armory  
  126  8:25  Marine x4, Missile Turret  
  126  8:26  Marine  
  132  8:35  Sensor Tower  

Tags
 
Add a new tag
Caveats
  • Supply blocks, unpowered buildings, or Contaminate may cause inaccurate times.
  • Supply counts are checked every 10 seconds.